 Dungeon Crawl Stone Soup version 0.24.1-1-gd1d2a07e1b (webtiles) character file.

Game seed: 4502585363144277666, levelgen mode: deterministic

13963 1994 the Artisan of Death (level 11, -3/85 HPs)
             Began as a Mummy Necromancer on Apr 10, 2020.
             Was a Priest of Kikubaaqudgha.
             Slain by an eight-headed hydra (9 damage)
             ... on level 4 of the Lair of Beasts.
             The game lasted 00:57:32 (18653 turns).

1994 the Artisan of Death (Mummy Necromancer)      Turns: 18653, Time: 00:57:32

Health: -3/85      AC: 12    Str: 14    XL:     11   Next: 82%
Magic:  24/35      EV: 13    Int: 22    God:    Kikubaaqudgha [***...]
Gold:   815        SH:  0    Dex: 13    Spells: 9/32 levels left

rFire    . . .     SeeInvis .   a - +2 falchion (protect)
rCold    + + .     Gourm    .   (no shield)
rNeg     + + +     Faith    .   C - +1 ring mail {rPois}
rPois    ∞         Spirit   .   D - +0 helmet
rElec    +         Reflect  .   H - scarf {rC+ rF+}
rCorr    .         Harm     .   q - +0 pair of gloves
MR       ++...                  u - +2 pair of boots of Misanthropy {rElec MR+ Str+3}
Stlth    +++.......             (no amulet)
HPRegen  0.24/turn              c - +4 ring of intelligence
MPRegen  0.24/turn              h - ring of magical power

@: no status effects
A: no food or potions, fire vulnerability, cold resistance 1, negative energy
resistance 3, torment resistance, unbreathing
a: Receive Corpses, Renounce Religion


You were on level 4 of the Lair of Beasts.
You worshipped Kikubaaqudgha.
Kikubaaqudgha was most pleased with you.
You were not hungry.

You visited 3 branches of the dungeon, and saw 16 of its levels.

You collected 815 gold pieces.

Inventory:

Hand Weapons
 a - a +2 falchion of protection (weapon)
 b - a +1 vampiric rapier
 r - a +2 dagger of venom
 y - a +0 hunting sling
Missiles
 e - 656 stones (quivered)
 o - 141 sling bullets
 p - 27 poisoned darts
 J - 2 atropa-tipped darts
Armour
 q - a +0 pair of gloves (worn)
 u - the +2 pair of boots of Misanthropy (worn) {rElec MR+ Str+3}
   (You found it on level 5 of the Dungeon)

   It affects your strength (+3).
   It insulates you from electricity.
   It affects your resistance to hostile enchantments.
 C - a +1 ring mail of poison resistance (worn)
 D - a +0 helmet (worn)
 E - a +0 shield
 H - a scarf of resistance (worn)
Magical Staves
 z - an uncursed staff of earth
Jewellery
 c - a +4 ring of intelligence (left hand)
 h - a ring of magical power (right hand)
 j - an uncursed ring of see invisible
 F - an uncursed ring of stealth {unknown}
 G - a cursed ring of attention {unknown}
 I - a +4 ring of strength {unknown}
Wands
 f - a wand of enslavement (14)
 m - a wand of flame (15)
 n - a wand of disintegration (4)
 B - a wand of clouds (7)
Scrolls
 d - 3 scrolls of remove curse
 g - 2 scrolls of amnesia
 i - 9 scrolls of teleportation
 k - a scroll of immolation
 l - 2 scrolls of summoning
 s - a scroll of acquirement {unknown}
 t - 3 scrolls of identify
 v - 3 scrolls of fear
 w - 4 scrolls of enchant armour
 x - 2 scrolls of enchant weapon
 A - 2 scrolls of magic mapping


   Skills:
 + Level 7.6 Fighting
 - Level 2.8 Armour
 - Level 4.7 Dodging
 - Level 6.5 Stealth
 + Level 11.0 Spellcasting
 * Level 11.5 Necromancy
 * Level 3.6 Ice Magic


You had 9 spell levels left.
You knew the following spells:

 Your Spells              Type           Power        Failure   Level  Hunger
a - Pain                  Necr           ####         1%          1    N/A
b - Animate Skeleton      Necr           N/A          1%          1    N/A
c - Vampiric Draining     Necr           ######....   1%          3    N/A
d - Animate Dead          Necr           N/A          1%          4    N/A
e - Corpse Rot            Necr           N/A          1%          2    N/A
f - Dispel Undead         Necr           ######..     2%          5    N/A
g - Simulacrum            Ice/Necr       #####.....   58%         6    N/A
h - Apportation           Tloc           ##....       11%         1    N/A

Your spell library contained the following spells:

 Spells                   Type           Power        Failure   Level  Hunger
 Confusing Touch          Hex            ##....       11%         1    N/A
 Sting                    Conj/Pois      ##..         11%         1    N/A
 Summon Small Mammal      Summ           ##..         11%         1    N/A
 Death Channel            Necr           ######....   14%         6    N/A
 Poisonous Vapours        Pois/Air       ##....       16%         2    N/A
 Excruciating Wounds      Chrm/Necr      #####.....   28%         5    N/A
 Ignite Poison            Fire/Tmut/Pois ##......     32%         3    N/A
 Mephitic Cloud           Conj/Pois/Air  ##......     32%         3    N/A
 Olgreb's Toxic Radiance  Pois           ##......     71%         4    N/A
 Petrify                  Tmut/Erth      ##......     71%         4    N/A
 Alistair's Intoxication  Tmut/Pois      ##......     96%         5    N/A
 Irradiate                Conj/Tmut      ##........   96%         5    N/A
 Venom Bolt               Conj/Pois      ##........   96%         5    N/A
 Sublimation of Blood     Necr           Unusable     N/A         2    N/A
 Regeneration             Chrm/Necr      Unusable     N/A         3    N/A

Dungeon Overview and Level Annotations

Branches:
Dungeon (11/15)            Temple (1/1) D:7            Lair (4/6) D:9
 Shoals (0/4) Lair:2        Snake (0/4) Lair:2          Orc (0/2) D:10

Altars:
Ashenzari
Cheibriados
Dithmenos
Elyvilon
Fedhas
Gozag
Hepliaklqana
Kikubaaqudgha
Makhleb
Nemelex Xobeh
Okawaru
Qazlal
Ru
Sif Muna
Trog
Uskayaw
Vehumet
Wu Jian
Xom
Yredelemnul
Zin
The Shining One

Shops:
D:6 (

Annotations:
Lair:1 Harold
Lair:4 Nessos


Innate Abilities, Weirdness & Mutations

You do not eat or drink.
Your flesh is vulnerable to fire.
You are immune to poison.
Your flesh is cold resistant. (rC+)
You are immune to negative energy. (rN+++)
You are immune to unholy pain and torment.
You can survive without breathing.


Message History

Confirm with . or Enter, or press ? or * to list all spells.
Aiming: Vampiric Draining (safe; 1% risk of failure)
Press: ? - help, Shift-Dir - straight line, f/p - eight-headed hydra
Aim: an eight-headed hydra (foul pestilence, severely wounded, poisoned)
The eight-headed hydra is severely wounded.
You feel life coursing into your body.
The eight-headed hydra is engulfed in dark miasma.
The eight-headed hydra closely misses you.
You riposte.
You completely miss the eight-headed hydra.
The eight-headed hydra is almost dead.
The eight-headed hydra bites you! x2; The eight-headed hydra bites you.
* * * LOW HITPOINT WARNING * * *
The eight-headed hydra closely misses you.
The eight-headed hydra bites you!
* * * LOW HITPOINT WARNING * * *
The eight-headed hydra closely misses you.
The eight-headed hydra bites you!
You die...
Kikubaaqudgha rasps: "You have failed me!
Welcome... oblivion!"

#.....######........##
#....######.P........#
##.....#.#.P..#.#..###
#..............#####
#.............##
#....####.##..##
#...#. ####...######
#P.. # ##........#
#... ##P§D@.P...# ....
#....####.##
..(........# .#
(#.#..#....# #
#####....# #...##
#.[.# #...# .....


You could see an eight-headed hydra.

Vanquished Creatures
  Joseph (D:7)
  A black mamba (Lair:2)
  A merfolk (Lair:2)
  A polar bear (Lair:2)
  3 blink frogs (Lair:2)
  A slime creature (Lair:4)
  2 hippogriffs
  5 yaks
  2 hungry ghosts
  3 basilisks (Lair:4)
  A steam dragon (Lair:4)
  3 nagas (Lair:2)
  2 swamp worms (Lair:4)
  5 water moccasins
  2 soldier ants (D:10)
  An orc warrior (D:6)
  2 black bears (D:9)
  A swamp drake (Lair:4)
  5 porcupines
  Duvessa (D:4)
  An ice beast (D:8)
  2 sky beasts
  2 wolves
  2 phantoms
  A necrophage (D:8)
  7 ogres
  3 centaurs
  2 big kobolds
  9 crocodiles
  6 bullfrogs
  A wyvern zombie (D:8)
  A water moccasin zombie (D:8)
  Dowan (D:4)
  A scorpion (D:6)
  12 killer bees
  2 vampire bats (D:6)
  A troll zombie (D:10)
  3 howler monkeys (D:8)
  6 electric eels
  6 crimson imps
  A centaur zombie (D:6)
  6 hounds
  A bullfrog skeleton (D:4)
  2 orc priests
  8 worker ants
  5 iguanas
  3 orc wizards
  6 ogre zombies (D:10)
  A hound zombie (D:8)
  A hound skeleton (D:4)
  4 gnolls (D:4)
  12 adders
  2 shadow imps
  An adder skeleton (D:4)
  2 worms
  2 dart slugs
  6 leopard geckos
  35 orcs
  3 ball pythons (D:2)
  3 bats
  3 bat skeletons (D:6)
  A bat zombie (D:6)
  6 giant cockroaches
  10 goblins
  13 hobgoblins
  7 jackals
  5 quokkas
  2 frilled lizards
  2 goblin zombies (D:10)
  2 hobgoblin zombies (D:10)
  17 kobolds
  2 orc skeletons (D:10)
  15 orc zombies (D:10)
  A quokka skeleton (D:9)
  A quokka zombie (D:5)
  4 rats
  2 bushes (D:3)
309 creatures vanquished.

Vanquished Creatures (collateral kills)
  A hydra (Lair:2)
  A two-headed ogre (D:8)
  Urug (Lair:4)
  An ugly thing (D:9)
  A komodo dragon (Lair:4)
  2 basilisks (Lair:4)
  A yak (D:9)
  3 nagas (Lair:2)
  3 porcupines
  A water moccasin (Lair:3)
  A phantom (D:7)
  A crocodile (D:9)
  A wolf (D:9)
  A scorpion (D:8)
  2 howler monkeys (D:8)
  An iguana (D:7)
  A worker ant (D:7)
  2 adders (D:9)
  A shadow imp (D:8)
  An adder skeleton (D:8)
  2 giant cockroaches
  A kobold (D:1)
  A fungus (Lair:4)
31 creatures vanquished.

Grand Total: 340 creatures vanquished

Notes
Turn   | Place    | Note
-------+----------+-------------------------------------------
     0 | D:1      | 1994 the Mummy Necromancer began the quest for the Orb.
     0 | D:1      | Reached XP level 1. HP: 13/13 MP: 4/4
   135 | D:1      | Learned a level 1 spell: Animate Skeleton
   393 | D:1      | Reached XP level 2. HP: 12/20 MP: 0/6
  1577 | D:2      | Reached skill level 1 in Fighting
  1577 | D:2      | Reached XP level 3. HP: 26/26 MP: 3/7
  1586 | D:2      | Learned a level 3 spell: Vampiric Draining
  2329 | D:2      | Reached XP level 4. HP: 32/32 MP: 5/10
  3070 | D:3      | Learned a level 4 spell: Animate Dead
  3421 | D:3      | Found a burning altar of Makhleb.
  4259 | D:4      | Reached skill level 5 in Necromancy
  4369 | D:3      | Reached XP level 5. HP: 32/38 MP: 7/11
  4570 | D:4      | Reached skill level 5 in Spellcasting
  4576 | D:4      | Reached XP level 6. HP: 36/45 MP: 7/13
  4711 | D:4      | Noticed Dowan
  4717 | D:4      | Noticed Duvessa
  4729 | D:4      | Killed Duvessa
  4731 | D:4      | Killed Dowan
  5250 | D:4      | Reached XP level 7. HP: 37/51 MP: 11/16
  5493 | D:5      | Entered Level 5 of the Dungeon
  5495 | D:5      | Found a shadowy altar of Dithmenos.
  6341 | D:5      | Got a pair of jewelled boots
  6342 | D:5      | Identified the +2 pair of boots of Misanthropy {rElec MR+
                  | Str+3} (You found it on level 5 of the Dungeon)
  6819 | D:6      | Found Jomici Fubae's Antique Weapon Boutique.
  6936 | D:6      | Reached XP level 8. HP: 60/60 MP: 19/19
  7136 | D:6      | Found an ornate altar of the Wu Jian Council.
  7142 | D:6      | Found a blossoming altar of Fedhas.
  7390 | D:6      | Found an ancient bone altar of Kikubaaqudgha.
  7416 | D:6      | Became a worshipper of Kikubaaqudgha
  7819 | D:7      | Found a staircase to the Ecumenical Temple.
  7842 | Temple   | Entered the Ecumenical Temple
  8150 | D:7      | Found an opulent altar of Gozag.
  8212 | D:7      | Noticed Joseph
  8222 | D:7      | Killed Joseph
  8222 | D:7      | Reached XP level 9. HP: 45/66 MP: 3/21
  8657 | D:7      | Reached skill level 5 in Fighting
  8802 | D:7      | Reached * piety under Kikubaaqudgha
  8802 | D:7      | Identified Kikubaaqudgha's Catalogue of Evil Secrets
                  | (Kikubaaqudgha gifted it to you on level 7 of the Dungeon)
  8802 | D:7      | Received a gift from Kikubaaqudgha
  8807 | D:7      | Learned a level 2 spell: Corpse Rot
 10272 | D:8      | Noticed a two-headed ogre
 10284 | D:8      | Killed a two-headed ogre
 10284 | D:8      | Reached skill level 5 in Stealth
 10284 | D:8      | Reached XP level 10. HP: 49/76 MP: 12/23
 10549 | D:8      | Reached ** piety under Kikubaaqudgha
 10710 | D:9      | Noticed a white ugly thing
 11377 | D:8      | Reached skill level 10 in Necromancy
 11791 | D:9      | Reached skill level 10 in Spellcasting
 11921 | D:9      | Killed a white ugly thing
 11940 | D:9      | Found a staircase to the Lair.
 12547 | D:10     | Entered Level 10 of the Dungeon
 13087 | D:10     | Reached *** piety under Kikubaaqudgha
 13087 | D:10     | Identified Kikubaaqudgha's Reference Book on Necromancy
                  | (Kikubaaqudgha gifted it to you on level 10 of the Dungeon)
 13087 | D:10     | Received a gift from Kikubaaqudgha
 13103 | D:10     | Learned a level 5 spell: Dispel Undead
 13110 | D:10     | Learned a level 6 spell: Simulacrum
 13116 | D:10     | Learned a level 1 spell: Apportation
 13244 | D:10     | Found a staircase to the Orcish Mines.
 13550 | D:10     | Reached XP level 11. HP: 72/84 MP: 25/25
 13869 | Lair:1   | Entered Level 1 of the Lair of Beasts
 14008 | Lair:1   | Noticed Harold
 14170 | Lair:1   | Reached skill level 1 in Ice Magic
 14339 | Lair:1   | Reached **** piety under Kikubaaqudgha
 15100 | Lair:2   | Reached skill level 1 in Armour
 15722 | Lair:2   | Found a staircase to the Snake Pit.
 15917 | Lair:2   | Found a staircase to the Shoals.
 16316 | Lair:3   | Noticed a five-headed hydra
 16324 | Lair:2   | Killed a five-headed hydra
 17835 | Lair:4   | Noticed Urug
 18192 | Lair:4   | Noticed Nessos
 18228 | Lair:4   | Killed Urug
 18638 | Lair:4   | Noticed an eight-headed hydra
 18653 | Lair:4   | Slain by an eight-headed hydra

Levels and vault maps discovered:
D:1:      ncdulo_halloftheorcs, layout_basic, minmay_misc_feat_pillars
D:2:      layout_loops_corners, first_ration, minmay_shallow_snake_nest
D:3:      layout_loops_ring, lemuel_crystal_altar, serial_forest,
          infiniplex_forest_clump_diagonal, infiniplex_forest_clump_medium,
          infiniplex_forest_straight_2, infiniplex_forest_straight_1,
          infiniplex_forest_pool, infiniplex_forest_pool, st_stairs_5,
          minmay_cut_off
D:4:      layout_rooms, cheibrodos_gnoll_hut, uniq_duvessa
D:5:      layout_basic, grunt_dithmenos_smoke
D:6:      layout_basic, amethyst_overflow_temple_binary,
          kennysheep_vampire_church, serial_shops, shop
D:7:      layout_basic, minmay_temple_entry_waves,
          nicolae_gozag_cash_rules_everything_around_me, uniq_joseph
D:8:      cheibrodos_helix_gallery, layout_basic
D:9:      layout_cave_pools, minmay_lair_entry_grove
D:10:     layout_basic, zombieorc2_lemuel, hangedman_pestilent_swarm
D:11:     layout_irregular_city, uniq_erolcha
Temple:   nicolae_temple_no_exploring_needed
Lair:1:   layout_cave_pods, minivault_23, serial_bayou_lake_a,
          lemuel_fruit_tree, uniq_harold
Lair:2:   layout_roguey, elwin_shoals_entry_rooms,
          minmay_snake_entry_guardpost_medium
Lair:3:   layout_chaotic_city
Lair:4:   onia_ninara_swampy_vault, layout_small_grid,
          kennysheep_basilisk_garden, uniq_urug, uniq_nessos

Skill      XL: |  1  2  3  4  5  6  7  8  9 10 11 |
---------------+----------------------------------+-----
Spellcasting   | 3 4 5 6 7 8 9 10 11 | 11.0
Fighting       | 1 2 3 4 5 7 |  7.6
Necromancy     | 5 6 7 8 9 10 11 | 11.5
Dodging        | 2 3 4 |  4.7
Stealth        | 2 5 6 |  6.5
Ice Magic      | 3 |  3.6
Armour         | 2 |  2.8

Action                   |  1- 3 |  4- 6 |  7- 9 | 10-12 || total
-------------------------+-------+-------+-------+-------++-------
Melee: Dagger            |    27 |     9 |       |       ||    36
       Falchion          |       |   271 |   403 |   497 ||  1171
       Rapier            |       |       |       |    10 ||    10
Throw: Stone             |     4 |     2 |     1 |    34 ||    41
       Dart              |       |       |       |     2 ||     2
 Cast: Pain              |    75 |    59 |   119 |   229 ||   482
       Animate Skeleton  |     9 |     3 |     3 |       ||    15
       Vampiric Draining |       |     8 |    46 |    78 ||   132
       Animate Dead      |       |     1 |     5 |    24 ||    30
       Corpse Rot        |       |       |     1 |     3 ||     4
       Dispel Undead     |       |       |       |     1 ||     1
Invok: Receive Corpses   |       |       |     1 |     5 ||     6
Evoke: Wand              |       |       |     2 |     1 ||     3
  Use: Scroll            |       |       |    11 |     6 ||    17
 Stab: Sleeping          |       |     3 |       |     3 ||     6
       Distracted        |       |       |     1 |     1 ||     2
Armor: Robe              |     6 |     4 |       |       ||    10
       Leather armour    |       |    54 |    17 |       ||    71
       Ring mail         |       |       |   309 |   345 ||   654
Dodge: Dodged            |    23 |    94 |   384 |   468 ||   969
       Rpst.: Falchion   |       |    33 |   120 |   118 ||   271
